 Dungeon Crawl Stone Soup version 0.22.1-5-g62c59d919a (webtiles) character file.

233 Ihlosi the Ducker (level 6, -2/35 HPs)
             Began as a Kobold Fire Elementalist on Jan 13, 2019.
             Killed by nerve-wracking pain
             ... invoked by an orc priest
              (10 damage)
             ... on level 3 of the Dungeon.
             The game lasted 00:10:00 (3495 turns).

Ihlosi the Ducker (Kobold Fire Elementalist)        Turns: 3495, Time: 00:10:01

Health: -2/35      AC:  4    Str:  3 (6)  XL:     6   Next: 25%
Magic:  8/12       EV: 17    Int: 17 (18) God:
Gold:   128        SH:  0    Dex: 15      Spells: 6/13 levels left

rFire    . . .     SeeInvis .   o - +0 war axe (chop)
rCold    . . .     Gourm    .   (shield restricted)
rNeg     . . .     Faith    .   a - +1 robe
rPois    .         Spirit   .   (no helmet)
rElec    .         Reflect  .   (no cloak)
rCorr    .         Harm     .   l - +0 pair of gloves
MR       .....                  (no boots)
Stlth    ++........             (no amulet)
HPRegen  0.11/turn              (no ring)
MPRegen  0.13/turn              (no ring)

@: no status effects
A: small, carnivore
a: no special abilities


You were on level 3 of the Dungeon.
You were completely stuffed.

You visited 1 branch of the dungeon, and saw 3 of its levels.

You collected 128 gold pieces.

Inventory:

Hand Weapons
 n - a +1 dagger of speed
 o - a +0 war axe of chopping (weapon)
Missiles
 g - 9 poisoned needles
Armour
 a - a +1 robe (worn)
 l - a +0 pair of gloves (worn)
Scrolls
 b - 2 scrolls of remove curse
 d - a scroll of identify
 i - a scroll of noise {unknown}
 j - a scroll of immolation {unknown}
 p - a scroll of enchant weapon {unknown}
 q - a scroll of enchant armour
 s - a scroll of teleportation {unknown}
Potions
 h - a potion of invisibility {unknown}
 k - a potion of agility
 m - a potion of mutation {unknown}
 r - 2 potions of berserk rage {unknown}
Comestibles
 c - 7 rations
 f - a chunk of flesh


   Skills:
 * Level 2.2 Fighting
 * Level 4.2 Dodging
 - Level 3.0 Stealth
 * Level 4.0 Spellcasting
 * Level 2.6 Conjurations
 - Level 3.0 Fire Magic


You had 6 spell levels left.
You knew the following spells:

 Your Spells              Type           Power        Failure   Level  Hunger
a - Flame Tongue          Conj/Fire      ##...        4%          1    None
b - Throw Flame           Conj/Fire      ##....       8%          2    ##.....
c - Sticky Flame          Conj/Fire      ##......     45%         4    ####...

Your spell library contained the following spells:

 Spells                   Type           Power        Failure   Level  Hunger
 Conjure Flame            Conj/Fire      ##......     16%         3    ###....
 Inner Flame              Hex/Fire       #.......     26%         3    ###....
 Fireball                 Conj/Fire      ##........   80%         5    ######.


Dungeon Overview and Level Annotations

Branches:
Dungeon (3/15)

Altars:
Gozag

Shops:
D:2 *

Annotations:
D:2 orc warrior
D:3 Terence


Innate Abilities, Weirdness & Mutations

You are small and have problems with some larger weapons.
You are carnivorous and can eat meat at any time.


Message History

Casting: Flame Tongue (safe; 4% risk of failure)
Confirm with . or Enter, or press ? or * to list all spells.
Aiming: Flame Tongue (safe; 4% risk of failure)
Press: ? - help, Shift-Dir - straight line, f - orc
Aim: an orc, wielding a club and wearing a glowing leather armour The flame tongue hits the orc.
The orc resists.
The orc is heavily wounded.
The orc hits you but does no damage.
You closely miss the orc.
The orc is heavily wounded.
The orc priest mumbles some strange prayers to Beogh against you.
Beogh smites you!
* * * LOW HITPOINT WARNING * * *
The orc hits you but does no damage.
Okay, then.
You hit the orc but do no damage.
The orc is heavily wounded.
The orc priest calls down the wrath of Beogh upon you.
Pain shoots through your body!
You die...

#...###.........
#..>............
#...............
#...##..........
#...'...........
##...###.........
#...##o..........
#...##[#.........
#....o@#..o.....
#...####........
#...# #....o...
#...# #........
#...# #........
#...# #........
##### #........


You could see an orc priest and an orc.

Vanquished Creatures
  A jelly (D:2)
  An orc priest (D:3)
  An orc wizard (D:3)
  4 gnolls
  6 oozes (D:2)
  A worm (D:2)
  2 dart slugs
  A leopard gecko (D:1)
  8 orcs
  5 bats
  3 giant cockroaches (D:2)
  6 goblins
  5 hobgoblins
  4 jackals (D:2)
  A ball python (D:1)
  3 frilled lizards
  14 kobolds
  4 rats
70 creatures vanquished.

Vanquished Creatures (others)
  7 toadstools (D:2)
7 creatures vanquished.

Grand Total: 77 creatures vanquished

Notes
Turn   | Place    | Note
-------+----------+-------------------------------------------
     0 | D:1      | Ihlosi the Kobold Fire Elementalist began the quest for the
                  | Orb.
     0 | D:1      | Reached XP level 1. HP: 10/10 MP: 3/3
   164 | D:1      | Reached XP level 2. HP: 8/15 MP: 3/5
   856 | D:1      | Reached XP level 3. HP: 20/20 MP: 4/6
  1082 | D:2      | Found Gozag's Platinum Reserve.
  1084 | D:2      | Found an opulent altar of Gozag.
  1157 | D:2      | Reached skill level 1 in Fighting
  1221 | D:2      | Noticed an orc warrior
  1379 | D:1      | Reached XP level 4. HP: 8/25 MP: 1/8
  2281 | D:2      | Reached XP level 5. HP: 29/29 MP: 8/10
  2582 | D:1      | Learned a level 2 spell: Throw Flame
  2587 | D:1      | Learned a level 4 spell: Sticky Flame
  2941 | D:3      | Noticed Terence
  3408 | D:3      | Reached XP level 6. HP: 30/35 MP: 8/11
  3495 | D:3      | Killed from afar by an orc priest

Skill      XL: |  1  2  3  4  5  6 |
---------------+-------------------+-----
Stealth        | 3 |  3.0
Fighting       | 1 2 |  2.2
Dodging        | 3 4 |  4.2
Spellcasting   | 3 4 |  4.0
Conjurations   | 2 |  2.6
Fire Magic     | |  3.0

Action                   |  1- 3 |  4- 6 || total
-------------------------+-------+-------++-------
Melee: Unarmed           |     9 |       ||     9
       Dagger            |     3 |       ||     3
       Mace              |     6 |       ||     6
       War axe           |     5 |   103 ||   108
 Cast: Flame Tongue      |    41 |    24 ||    65
       Throw Flame       |       |     2 ||     2
  Use: Scroll            |     3 |     2 ||     5
       Potion            |       |     4 ||     4
 Stab: Sleeping          |     2 |     3 ||     5
  Eat: Chunk             |     8 |     9 ||    17
Armor: Robe              |     5 |    23 ||    28
Dodge: Dodged            |    33 |   114 ||   147
